 Dungeon Crawl Stone Soup version 0.21.0-3-g78d12a8bdd (webtiles) character file.

17827 Gargoyl the Cleaver (level 12, 0/102 HPs)
             Began as a Centaur Abyssal Knight on Jan 15, 2018.
             Was an Elder of Lugonu.
             Slain by a black mamba (9 damage)
             ... on level 3 of the Lair of Beasts.
             The game lasted 00:29:34 (18295 turns).

Gargoyl the Cleaver (Centaur Abyssal Knight)       Turns: 18295, Time: 00:29:35

Health: 0/102      AC: 21    Str: 22    XL:     12   Next: 22%
Magic:  19/19      EV:  7    Int: 11    God:    Lugonu [****..]
Gold:   552        SH:  0    Dex: 11    Spells: 11/11 levels left

rFire    . . .     SeeInvis .   f - +4 battleaxe (chop)
rCold    + . .     Gourm    .   (shield currently unavailable)
rNeg     . . .     Faith    .   l - +0 chain mail {rC+}
rPois    .         Spirit   .   b - +2 helmet
rElec    +         Reflect  .   z - +2 cloak
rCorr    .         Harm     .   (no gloves)
MR       .....                  (no barding)
Stlth    ..........             o - amulet of rage
HPRegen  0.27/turn              r - ring "Xeagh" {rElec AC+4 Str+4}
MPRegen  0.16/turn              (no ring)

@: very quick
A: large, hooves 3, deformed body, speed 2, tough skin 3
a: Depart the Abyss, Bend Space, Banish, Corrupt, Renounce Religion, Evoke
Berserk Rage


You were on level 3 of the Lair of Beasts.
You worshipped Lugonu.
Lugonu was greatly pleased with you.
You were not hungry.

You visited 2 branches of the dungeon, and saw 13 of its levels.
You visited the Abyss 1 time.

You collected 1019 gold pieces.
You spent 467 gold pieces at shops.

Inventory:

Hand Weapons
 a - a +1 hand axe
 f - a +4 battleaxe of chopping (weapon)
 t - the +9 mace of Fedhas's Indignation {flame, rF++ Int-3}
   (You bought it in a shop on level 5 of the Dungeon)

   It has been specially enchanted to burn those struck by it, causing extra
   injury to most foes and up to half again as much damage against particularly
   susceptible opponents.
   It affects your intelligence (-3).
   It greatly protects you from fire.
 v - a +0 war axe
Missiles
 H - 4 javelins of penetration (quivered)
Armour
 b - a +2 helmet (worn)
 l - a +0 chain mail of cold resistance (worn)
 z - a +2 cloak (worn)
Jewellery
 o - an amulet of rage (around neck)
 r - the ring "Xeagh" (left hand) {rElec AC+4 Str+4}
   (You found it on level 4 of the Dungeon)

   [ring of protection]

   It affects your AC (+4).
   It affects your strength (+4).
   It insulates you from electricity.
 x - an uncursed ring of wizardry {unknown}
 B - an uncursed ring of positive energy {unknown}
 C - an uncursed ring of flight {unknown}
Wands
 h - a wand of polymorph (16)
 m - a wand of digging (15)
 A - a wand of flame (28)
 I - a wand of random effects (35)
 J - a wand of iceblast (8)
Scrolls
 e - 6 scrolls of identify
 g - 9 scrolls of teleportation
 n - a scroll of remove curse
 w - 3 scrolls of enchant armour
Potions
 d - 5 potions of agility
 i - 2 potions of berserk rage
 j - a potion of cancellation {unknown}
 k - a potion of mutation {unknown}
 p - 5 potions of curing
 q - 4 potions of magic {unknown}
 s - 2 potions of brilliance {unknown}
 u - 3 potions of lignification {unknown}
 D - 3 potions of haste {unknown}
 F - 3 potions of flight {unknown}
Books
 y - a book of Cantrips

   Spells                             Type                      Level
   a - Confusing Touch                Hexes                        1
   b - Animate Skeleton               Necromancy                   1
   c - Summon Small Mammal            Summoning                    1
   d - Apportation                    Translocation                1
 E - a book of Minor Magic

   Spells                             Type                      Level
   a - Magic Dart                     Conjuration                  1
   b - Blink                          Translocation                2
   c - Call Imp                       Summoning                    2
   d - Slow                           Hexes                        2
   e - Conjure Flame                  Conjuration/Fire             3
   f - Mephitic Cloud                 Conjuration/Poison/Air       3
 G - a book of Geomancy

   Spells                             Type                      Level
   a - Sandblast                      Earth                        1
   b - Passwall                       Transmutation/Earth          2
   c - Stone Arrow                    Conjuration/Earth            3
   d - Petrify                        Transmutation/Earth          4
   e - Lee's Rapid Deconstruction     Earth                        5
Comestibles
 c - 21 rations
 K - 4 chunks of flesh


   Skills:
 + Level 8.2 Fighting
 + Level 10.3 Axes
 + Level 2.4 Throwing
 * Level 9.1 Armour
 + Level 3.0 Dodging
 * Level 9.5 Invocations
 + Level 1.4 Evocations


You had 11 spell levels left.
You didn't know any spells.

Dungeon Overview and Level Annotations

Branches:
Dungeon (9/15)             Temple (0/1) D:4            Lair (4/6) D:9
  Swamp (0/4) Lair:3
  Snake: Lair:2-4    Spider: Lair:2-4       Orc: D:9-12

Altars:
Elyvilon
Nemelex Xobeh
Okawaru
Qazlal
Ru
Sif Muna
Wu Jian
Xom
Zin
The Shining One

Shops:
D:5 (*%%   D:9 [*((*


Innate Abilities, Weirdness & Mutations

You have hooves in place of feet.
Armour fits poorly on your strangely shaped body.
You cover ground very quickly.
You have extremely tough skin. (AC +3)


Message History

* * * LOW HITPOINT WARNING * * *
You are lethally poisoned!
The black mamba poisons you! The yak gores you!
* * * LOW HITPOINT WARNING * * *
You miss the black mamba. Your kick misses the black mamba.
The black mamba is lightly wounded.
You slash the yak!
You kill the yak!
Lugonu accepts your kill.
* * * LOW HITPOINT WARNING * * *
You feel very sick. The black mamba bites you.
* * * LOW HITPOINT WARNING * * *
You are more poisoned.
The black mamba poisons you!
The black mamba bites you but does no damage.
You feel better.
The black mamba bites you but does no damage.
The black mamba bites you!
You die...

##.........#........####.#..#####
..(.................###...#..# ##
...P.........................###.
#......[......................#..
.................................
.............[...................
.................................
..÷............†.S...........##..
................@..#........###..
..................#..........####
..............##.<###.#.###### #
...............#..#######
...#..........#....#
...............#..##
..............P...#
.........>........##
................#..#


You could see a black mamba.

Vanquished Creatures
  A fire dragon (Lair:2)
  A two-headed ogre (D:8)
  3 black mambas
  3 spiny frogs
  3 komodo dragons
  2 trolls
  3 hippogriffs
  A wyvern (D:8)
  24 yaks
  Sigmund (D:3)
  A steam dragon (Lair:2)
  6 water moccasins
  4 porcupines
  4 orc warriors
  4 ice beasts
  5 phantoms
  3 sky beasts
  A hornet zombie (D:9)
  2 black bears (D:8)
  5 ogres
  6 wolves
  3 centaurs
  7 crocodiles
  A big kobold (D:8)
  9 bullfrogs
  A scorpion (D:5)
  3 wights (D:7)
  A killer bee (D:8)
  6 electric eels
  3 howler monkeys (D:7)
  5 crimson imps
  2 quasits
  A centaur zombie (D:8)
  3 bullfrog zombies
  10 hounds
  13 orc wizards
  2 orc priests (D:8)
  Crazy Yiuf (D:6)
  2 centaur skeletons
  2 iguanas
  A jelly (D:8)
  Ijyb (D:3)
  9 worker ants
  A hound skeleton (D:4)
  A worker ant zombie (D:7)
  A howler monkey zombie (D:5)
  13 gnolls
  14 adders
  2 shadow imps
  2 oozes
  3 adder skeletons
  3 dart slugs (D:1)
  3 worms
  6 leopard geckos
  19 orcs
  6 giant cockroaches
  7 goblins
  5 hobgoblins
  18 jackals
  4 quokkas
  A ball python skeleton (D:4)
  9 bats
  5 frilled lizards
  A jackal skeleton (D:8)
  10 kobolds
  A quokka skeleton (D:6)
  3 quokka zombies
  24 rats
  A fungus (Lair:2)
332 creatures vanquished.

Vanquished Creatures (collateral kills)
  A large abomination (Abyss:2)
  An ufetubus (Abyss:2)
2 creatures vanquished.

Vanquished Creatures (others)
  2 hydras
  An ugly thing (D:9)
  A spiny frog (Lair:2)
  A komodo dragon (Lair:2)
  2 electric eels (D:9)
  An orc wizard (D:8)
8 creatures vanquished.

Grand Total: 342 creatures vanquished

Notes
Turn   | Place    | Note
-------+----------+-------------------------------------------
     0 | Abyss:1  | Gargoyl the Centaur Abyssal Knight began the quest for the Orb.
     0 | Abyss:1  | Reached XP level 1. HP: 19/19 MP: 2/2
   157 | Abyss:2  | Found a roughly hewn altar of Beogh.
   177 | Abyss:2  | Noticed a ynoxinul
   198 | Abyss:2  | Noticed a small abomination
   202 | Abyss:2  | Noticed a spatial vortex
   253 | Abyss:2  | Noticed a large abomination
   256 | Abyss:2  | Reached skill level 2 in Axes
   262 | Abyss:2  | Killed a large abomination
   262 | Abyss:2  | Reached XP level 2. HP: 27/27 MP: 3/3
   262 | Abyss:2  | Reached XP level 3. HP: 33/33 MP: 4/4
   266 | Abyss:2  | Noticed a large abomination
   268 | Abyss:2  | Noticed an orange demon
   278 | D:1      | Escaped the Abyss
   396 | D:1      | Reached XP level 4. HP: 26/40 MP: 5/5
   554 | D:1      | Reached * piety under Lugonu
  1601 | D:2      | Found a sacrificial altar of Ru.
  1615 | D:2      | Reached skill level 1 in Dodging
  1615 | D:2      | Reached XP level 5. HP: 42/46 MP: 6/6
  1783 | D:2      | Reached skill level 3 in Axes
  2253 | D:2      | Found an ornate altar of the Wu Jian Council.
  2541 | D:3      | Reached ** piety under Lugonu
  2707 | D:3      | Reached XP level 6. HP: 43/52 MP: 8/8
  2792 | D:3      | Noticed Ijyb
  2811 | D:3      | Killed Ijyb
  2903 | D:3      | Noticed Sigmund
  2922 | D:3      | Killed Sigmund
  2922 | D:3      | Reached skill level 4 in Axes
  3323 | D:3      | Reached *** piety under Lugonu
  3648 | D:4      | Got a scorched turquoise ring
  3657 | D:4      | Reached XP level 7. HP: 60/60 MP: 9/9
  3703 | D:4      | Identified the ring "Xeagh" {rElec AC+4 Str+4} (You found it on level 4 of the Dungeon)
  4419 | D:4      | Found a staircase to the Ecumenical Temple.
  4477 | D:5      | Entered Level 5 of the Dungeon
  4483 | D:5      | Reached skill level 5 in Axes
  4548 | D:5      | Found Line Fum's Antique Weapon Boutique.
  4691 | D:5      | Bought an ebony mace for 232 gold pieces
  4691 | D:5      | Identified the +9 mace of Fedhas's Indignation {flame, rF++ Int-3} (You bought it in a shop on level 5 of the Dungeon)
  4821 | D:5      | Found a deep blue altar of Sif Muna.
  4837 | D:5      | Found Erey's General Store.
  4856 | D:5      | Reached XP level 8. HP: 43/67 MP: 11/11
  4979 | D:5      | Bought a scroll of teleportation for 36 gold pieces
  5147 | D:5      | Reached skill level 5 in Fighting
  5170 | D:5      | Found Xyluinn's Food Emporium.
  5453 | D:5      | Found Zaxzugg's Food Emporium.
  5496 | D:5      | Found an iron altar of Okawaru.
  5499 | D:5      | Found a sparkling altar of Nemelex Xobeh.
  5536 | D:5      | Reached skill level 5 in Invocations
  5565 | D:5      | Found a glowing golden altar of the Shining One.
  5568 | D:5      | Found a white marble altar of Elyvilon.
  5798 | D:6      | Reached skill level 6 in Axes
  6003 | D:6      | Reached **** piety under Lugonu
  6586 | D:6      | Reached XP level 9. HP: 72/74 MP: 13/13
  6885 | D:6      | Found a runed door.
  6966 | D:6      | Noticed Crazy Yiuf
  6980 | D:6      | Killed Crazy Yiuf
  7278 | D:7      | Reached skill level 5 in Armour
  7330 | D:7      | Reached skill level 7 in Axes
  7486 | D:7      | Reached skill level 1 in Throwing
  8887 | D:8      | Found a stormy altar of Qazlal.
  9018 | D:8      | Noticed a two-headed ogre
  9084 | D:8      | Killed a two-headed ogre
  9084 | D:8      | Reached XP level 10. HP: 16/83 MP: 13/15
  9432 | D:8      | Reached skill level 1 in Evocations
  9687 | D:8      | Reached skill level 8 in Axes
 10014 | D:8      | Reached ***** piety under Lugonu
 10769 | D:9      | Found a shimmering altar of Xom.
 11484 | D:9      | Reached skill level 9 in Axes
 11837 | D:9      | Found a staircase to the Lair.
 11863 | D:9      | Reached XP level 11. HP: 76/92 MP: 7/16
 12030 | D:9      | Found Jair Foi's Armour Shoppe.
 12088 | D:9      | Found Ifeosm's Assorted Antiques.
 12093 | D:9      | Found Gaotarel's Antique Weapon Shop.
 12100 | D:9      | Found Oschoar's Antique Weapon Emporium.
 12224 | D:9      | Bought a glowing battleaxe for 199 gold pieces
 12245 | D:9      | Found a glowing silver altar of Zin.
 12270 | D:9      | Noticed a brown ugly thing
 12283 | D:9      | Banished a brown ugly thing
 12539 | D:9      | Found Ruvaibbu's General Store.
 12728 | Lair:1   | Entered Level 1 of the Lair of Beasts
 12858 | Lair:1   | Noticed a six-headed hydra
 12861 | Lair:1   | Banished a seven-headed hydra
 15084 | Lair:2   | Reached skill level 10 in Axes
 16331 | Lair:2   | Noticed a fire dragon
 16345 | Lair:2   | Killed a fire dragon
 16842 | Lair:3   | Reached XP level 12. HP: 101/101 MP: 19/19
 16855 | Lair:3   | Noticed a five-headed hydra
 16856 | Lair:3   | Banished a five-headed hydra
 16932 | Lair:3   | Found a staircase to the Swamp.
 18294 | Lair:3   | HP: 3/102 [black mamba (5)]
 18295 | Lair:3   | Slain by a black mamba

Skill      XL: |  1  2  3  4  5  6  7  8  9 10 11 12 |
---------------+-------------------------------------+-----
Axes           | 2 3 4 5 6 7 9 10 | 10.3
Fighting       | 4 5 6 7 8 |  8.2
Armour         | 2 3 4 6 7 8 9 |  9.1
Dodging        | 1 2 3 |  3.0
Invocations    | 3 4 5 6 7 9 |  9.5
Throwing       | 1 2 |  2.4
Evocations     | 1 |  1.4

Action                   |  1- 3 |  4- 6 |  7- 9 | 10-12 || total
-------------------------+-------+-------+-------+-------++-------
Melee: Hand axe          |     7 |   271 |    97 |       ||   375
       Kick              |     1 |    43 |   103 |   130 ||   277
       War axe           |       |       |   316 |   259 ||   575
       Battleaxe         |       |       |       |   248 ||   248
Throw: Javelin           |       |       |    17 |    21 ||    38
Invok: Depart the Abyss  |     1 |       |       |       ||     1
       Banish            |       |       |       |     8 ||     8
       Bend Space        |       |       |       |     2 ||     2
 Abil: Evoke Berserk Rag |       |     1 |     2 |     4 ||     7
Evoke: Wand              |       |       |     4 |     3 ||     7
  Use: Scroll            |     1 |    10 |     3 |     5 ||    19
       Potion            |     2 |       |     2 |     4 ||     8
 Stab: Invisible         |       |     1 |       |       ||     1
  Eat: Chunk             |       |     8 |    14 |    32 ||    54
       Ration            |       |       |     1 |       ||     1
Armor: Leather armour    |     6 |    33 |       |       ||    39
       Chain mail        |       |   204 |   386 |   556 ||  1146
Dodge: Dodged            |     1 |   100 |   175 |   268 ||   544
